 Dungeon Crawl Stone Soup version 0.25-a0-1016-g8c1d203 (webtiles) character file.

Game seed: 1065828139157418021, levelgen mode: deterministic

712 Illumine the Vexing (level 7, -4/39 HPs)
             Began as a Deep Elf Enchanter on May 12, 2020.
             Was an Initiate of Sif Muna.
             Slain by Prince Ribbit (16 damage)
             ... on level 5 of the Dungeon.
             The game lasted 00:14:06 (6962 turns).

Illumine the Vexing (Deep Elf Enchanter)            Turns: 6962, Time: 00:14:06

Health: -4/39      AC:  6    Str:  5    XL:     7   Next: 41%
Magic:  11/16      EV: 14    Int: 22    God:    Sif Muna [......]
Gold:   161        SH:  0    Dex: 15    Spells: 5/16 levels left

rFire    + . .     SeeInvis .   a - +1 dagger
rCold    . . .     Gourm    .   (no shield)
rNeg     . . .     Faith    .   e - +2 robe {rF+}
rPois    .         Spirit   .   r - +1 helmet
rElec    .         Reflect  .   (no cloak)
rCorr    .         Harm     .   (no gloves)
MR       .....                  (no boots)
Stlth    +++.......             (no amulet)
HPRegen  0.13/turn              (no ring)
MPRegen  0.15/turn              (no ring)

@: very slightly contaminated
A: no striking features
a: Renounce Religion


You were on level 5 of the Dungeon.
You worshipped Sif Muna.
Sif Muna was noncommittal.
You were not hungry.

You visited 1 branch of the dungeon, and saw 5 of its levels.

You collected 161 gold pieces.

Inventory:

Hand Weapons
 a - a +1 dagger (weapon)
Missiles
 c - 114 stones (quivered)
Armour
 b - a +0 robe
 e - a +2 robe of fire resistance (worn)
 r - a +1 helmet (worn)
Scrolls
 f - a scroll of fog {unknown}
 l - a scroll of teleportation
 s - a scroll of remove curse
Potions
 h - 3 potions of flight
 i - a potion of haste {unknown}
 j - 3 potions of curing
 k - a potion of brilliance
 m - a potion of resistance {unknown}
 o - a potion of degeneration {unknown}
Comestibles
 d - 3 rations
 g - 6 chunks of flesh


   Skills:
 + Level 1.8 Fighting
 + Level 3.2 Short Blades
 + Level 4.5 Dodging
 + Level 5.4 Stealth
 + Level 5.0 Spellcasting
 + Level 2.0 Conjurations
 + Level 6.1 Hexes
 - Level 1.0 Ice Magic


You had 5 spell levels left.
You knew the following spells:

 Your Spells              Type           Power        Failure   Level  Hunger
b - Ensorcelled Hibernat  Hex/Ice        ###...       3%          2    None
c - Confusing Touch       Hex            ####....     2%          3    ##.....
d - Tukima's Dance        Hex            ####....     2%          3    ##.....
e - Dazzling Flash        Conj/Hex       ###...       5%          3    ##.....

Your spell library contained the following spells:

 Spells                   Type           Power        Failure   Level  Hunger
 Corona                   Hex            ####...      1%          1    None
 Gell's Gravitas          Tloc           #.........   30%         3    ##.....
 Metabolic Englaciation   Hex/Ice        ###.......   54%         5    #####..
 Yara's Violent Unravell  Hex/Tmut       ###.......   61%         5    #####..
 Petrify                  Tmut/Erth      #.......     69%         4    ####...


Dungeon Overview and Level Annotations

Branches:
Dungeon (5/15)
 Temple: D:4-7

Altars:
Elyvilon
Okawaru
Ru
Sif Muna
Uskayaw
Zin

Annotations:
D:5 Dowan, Duvessa, Prince Ribbit


Message History

Prince Ribbit is too close now for your liking.
You completely miss Prince Ribbit.
Prince Ribbit gives a loud, deep croak!
Prince Ribbit hits you!
Prince Ribbit hits you but does no damage.
Casting: Ensorcelled Hibernation (safe; 3% risk of failure)
Confirm with . or Enter, or press ? or * to list all spells.
Aiming: Ensorcelled Hibernation (safe; 3% risk of failure)
Press: ? - help, Shift-Dir - straight line, f - Prince Ribbit
Aim: Prince Ribbit (chance to defeat MR: 33%)
You miscast Ensorcelled Hibernation.
You are very lightly contaminated with residual magic.
Nothing appears to happen.
Prince Ribbit hits you.
Casting: Ensorcelled Hibernation (safe; 3% risk of failure)
Confirm with . or Enter, or press ? or * to list all spells.
Okay, then.
Casting: Ensorcelled Hibernation (safe; 3% risk of failure)
Confirm with . or Enter, or press ? or * to list all spells.
Prince Ribbit hits you!
You die...

#####.# #<.##...##
###...### #..#.....##
##.......## #.........#
##.........## #...[.....#
#....≈≈≈....# #.........#
###...≈≈≈≈≈...####.......##
.....≈≈...≈≈.....##.......#
._...≈≈.>.≈≈.....F).......#
.....≈≈...≈≈....@#(.......#
###...≈≈≈≈≈...#####......##
#....≈≈≈....# #.#...##
##.........## #..##.#
##.......## #..# ..#
###...### #F.# .# ##### #.#
.#


You could see Prince Ribbit.

Vanquished Creatures
  A dancing weapon (D:4)
  2 ogres (D:4)
  A centaur (D:5)
  A crimson imp (D:4)
  An orc priest (D:4)
  A centaur skeleton (D:4)
  2 orc wizards
  Jessica (D:2)
  3 worker ants (D:4)
  Robin (D:2)
  6 adders
  4 gnolls
  A shadow imp (D:4)
  An adder skeleton (D:5)
  6 worms
  2 dart slugs
  4 leopard geckos
  8 orcs
  9 bats
  6 giant cockroaches
  15 goblins
  12 hobgoblins
  7 jackals
  5 kobolds
  2 ball pythons (D:3)
  A frilled lizard (D:2)
  A leopard gecko skeleton (D:4)
  A quokka zombie (D:5)
  7 rats
112 creatures vanquished.

Vanquished Creatures (collateral kills)
  An orc (D:4)
1 creature vanquished.

Grand Total: 113 creatures vanquished

Notes
Turn   | Place    | Note
-------+----------+-------------------------------------------
     0 | D:1      | Illumine the Deep Elf Enchanter began the quest for the
                  | Orb.
     0 | D:1      | Reached XP level 1. HP: 10/10 MP: 6/6
   452 | D:1      | Reached XP level 2. HP: 15/15 MP: 8/8
   693 | D:1      | Learned a level 2 spell: Ensorcelled Hibernation
  1344 | D:2      | Reached XP level 3. HP: 19/19 MP: 9/9
  1627 | D:2      | Found an iron altar of Okawaru.
  1775 | D:2      | Learned a level 3 spell: Confusing Touch
  2029 | D:2      | Reached XP level 4. HP: 24/24 MP: 6/11
  2303 | D:2      | Noticed Jessica
  2307 | D:2      | Killed Jessica
  2307 | D:2      | Reached skill level 1 in Ice Magic
  2317 | D:2      | Reached skill level 5 in Hexes
  2686 | D:3      | Learned a level 3 spell: Tukima's Dance
  3069 | D:3      | Found a glowing drain.
  3109 | D:3      | Reached XP level 5. HP: 13/28 MP: 5/13
  3394 | D:3      | Noticed Robin
  3512 | D:3      | Upgraded the game from 0.25-a0-1015-g4819203 to
                  | 0.25-a0-1016-g8c1d203
  4220 | D:2      | Killed Robin
  4296 | D:2      | Reached skill level 1 in Fighting
  4398 | D:2      | Learned a level 3 spell: Dazzling Flash
  4601 | D:3      | Found a sacrificial altar of Ru.
  4886 | D:4      | Reached XP level 6. HP: 31/34 MP: 9/14
  4952 | D:4      | Found a glowing silver altar of Zin.
  5089 | D:4      | Found a white marble altar of Elyvilon.
  5613 | D:4      | Reached skill level 5 in Stealth
  5790 | D:4      | Reached skill level 1 in Conjurations
  6192 | D:5      | Entered Level 5 of the Dungeon
  6218 | D:5      | Noticed Duvessa
  6218 | D:5      | Noticed Dowan
  6499 | D:4      | Reached XP level 7. HP: 15/38 MP: 4/16
  6711 | D:4      | Reached skill level 6 in Hexes
  6759 | D:5      | Noticed a +0 dagger
  6760 | D:5      | Noticed a +0 hand axe
  6761 | D:5      | Found a hide-covered altar of Uskayaw.
  6848 | D:5      | Found a shimmering blue altar of Sif Muna.
  6858 | D:5      | Became a worshipper of Sif Muna the Loreminder
  6884 | D:5      | Reached skill level 5 in Spellcasting
  6954 | D:5      | Noticed Prince Ribbit
  6962 | D:5      | Slain by Prince Ribbit

Illustrated notes

Levels and vault maps discovered:
D:1:      kennysheep_arrival_forest, layout_basic, serial_park_tiny_2
D:2:      layout_basic, lemuel_round_altar, uniq_jessica
D:3:      layout_rooms, nicolae_overflow_crystal_walls, portal_sewer_entry_f,
          uniq_robin
D:4:      layout_loops_corners, lemuel_round_altar, kennysheep_little_box
D:5:      layout_rooms, dancing_weapons_uskayaw, kennysheep_vampire_church,
          tgw_sif, first_ration, uniq_prince_ribbit1, uniq_crazy_yiuf_cottage,
          uniq_duvessa

Skill      XL: |  1  2  3  4  5  6  7 |
---------------+----------------------+-----
Stealth        | 4 5 |  5.4
Dodging        | 3 4 |  4.5
Short Blades   | 2 3 |  3.2
Ice Magic      | 1 |  1.0
Hexes          | 5 6 |  6.1
Spellcasting   | 4 5 |  5.0
Fighting       | 1 |  1.8
Conjurations   | 1 2 |  2.0

Action                   |  1- 3 |  4- 6 |  7- 9 || total
-------------------------+-------+-------+-------++-------
Melee: Dagger            |    69 |   188 |    21 ||   278
 Cast: Corona            |     6 |       |       ||     6
       Ensorcelled Hiber |    25 |    79 |     6 ||   110
       Confusing Touch   |       |     3 |       ||     3
       Tukima's Dance    |       |     4 |       ||     4
       Dazzling Flash    |       |     2 |     1 ||     3
  Use: Scroll            |       |     9 |       ||     9
 Stab: Sleeping          |    23 |    57 |     4 ||    84
       Confused          |       |     2 |       ||     2
       Invisible         |       |     1 |       ||     1
  Eat: Chunk             |     4 |    14 |       ||    18
       Ration            |       |     1 |       ||     1
Armor: Robe              |    20 |    49 |     7 ||    76
Dodge: Dodged            |    54 |   175 |    18 ||   247

Table legend:
 A = Non-vault XP
 B = Vault XP
 C = Vault XP percentage of total XP
 D = Non-vault monster count
 E = Vault monster count
 F = Vault count percentage of total count
                 A         B        C        D         E       F
            +---------+---------+-------+---------+---------+-------
      Total |     932 |      86 |   8.4 |      94 |      18 |  16.1
            +---------+---------+-------+---------+---------+-------
        D:1 |      25 |       0 |   0.0 |      14 |       0 |   0.0
        D:2 |     204 |      73 |  26.4 |      37 |      12 |  24.5
        D:3 |      62 |      13 |  17.3 |      19 |       6 |  24.0
        D:4 |     520 |       0 |   0.0 |      20 |       0 |   0.0
        D:5 |     121 |       0 |   0.0 |       4 |       0 |   0.0
            +---------+---------+-------+---------+---------+-------
